 Dungeon Crawl Stone Soup version 0.32-a0-960-g3814254bd7 (webtiles) character file.

Game seed: 14168699020726135142

20419 Atlas the Arsonist (level 12, -9/78 HPs)
             Began as a Demonspawn Fire Elementalist on Apr 17, 2024.
             Was an Elder of Vehumet.
             Mangled by a cyclops (27 damage)
             ... on level 12 of the Dungeon.
             The game lasted 00:27:04 (17426 turns).

Atlas the Arsonist (Demonspawn Fire Elementalist)  Turns: 17426, Time: 00:27:05

Health: -9/78      AC: 17    Str: 10    XL:     12   Next: 45%
Magic:  23/27      EV: 21    Int: 19    God:    Vehumet [****..]
Gold:   420        SH:  4    Dex: 14    Spells: 23/34 levels left

rFire   . . .        h - +4 spear (venom)
rCold   . . .        b - +0 buckler
rNeg    . . .        E - +0 steam dragon scales
rPois   +            (helmet unavailable)
rElec   .            A - +1 cloak {rPois}
rCorr   .            H - +0 pair of gloves
SInv    +            V - +2 pair of slick slippers {slick, slippery, EV+4}
Will    .....        T - amulet of magic regeneration
Stlth   +++          M - +5 ring of evasion
HPRegen 0.33/turn    P - +4 ring of protection
MPRegen 0.60/turn

%: no passive effects
@: no status effects
A: antennae 3, icy blue scales 1, ignite blood 2
a: Renounce Religion


You were on level 12 of the Dungeon.
You worshipped Vehumet.
Vehumet was greatly pleased with you.
You visited 2 branches of the dungeon, and saw 13 of its levels.

You collected 778 gold pieces.
You spent 358 gold pieces at shops.

Inventory:

Hand Weapons
 h - a +4 spear of venom (weapon)
Missiles
 u - 2 throwing nets
Armour
 b - a +0 buckler (worn)
 A - a +1 cloak of poison resistance (worn)
 E - +0 steam dragon scales (worn)
 H - a +0 pair of gloves (worn)
 V - the +2 pair of slick slippers (worn) {slick, slippery, EV+4}
   (You bought it in a shop on level 11 of the Dungeon)

   Slick:     Its wearer cannot be constricted, engulfed, netted, webbed, or
   stopped by binding sigils.
   Slippery:  Its wearer slips away from damaging melee attacks, pulling the
   attacker onward.
   EV+4:      It affects your evasion (+4).
Jewellery
 d - a ring of flight
 t - a ring of resist corrosion
 v - a ring of poison resistance
 M - a +5 ring of evasion (left hand)
 P - a +4 ring of protection (right hand)
 Q - an amulet of regeneration
 R - a ring of magical power
 T - an amulet of magic regeneration (around neck)
 X - a +4 ring of protection
Wands
 s - a wand of flame (38)
 w - a wand of digging (11)
 B - a wand of acid (13)
 G - a wand of charming (15)
Scrolls
 e - 4 scrolls of amnesia
 g - 3 scrolls of revelation
 i - 5 scrolls of noise
 j - a scroll of poison
 l - a scroll of fear
 x - 2 scrolls of vulnerability
 y - 3 scrolls of teleportation
 z - 3 scrolls of blinking {unknown}
 D - 2 scrolls of summoning {unknown}
 I - 3 scrolls of enchant weapon {unknown}
 K - 2 scrolls of enchant armour {unknown}
 L - 2 scrolls of torment {unknown}
 O - 2 scrolls of immolation
 W - a scroll of silence
 Z - 2 scrolls of identify
Potions
 a - a potion of cancellation {unknown}
 f - 4 potions of heal wounds {unknown}
 k - a potion of attraction {unknown}
 m - 7 potions of curing
 n - 4 potions of degeneration {unknown}
 o - a potion of magic
 p - a potion of haste {unknown}
 q - 4 potions of mutation {unknown}
 r - 2 potions of lignification
 N - a potion of enlightenment {unknown}
 S - a potion of might {unknown}
 U - a potion of resistance {unknown}
Miscellaneous
 c - a lightning rod (4/4)
 C - a box of beasts
 J - a tin of tremorstones (2/2)


   Skills:
 + Level 2.1 Fighting
 + Level 1.5 Maces & Flails
 + Level 2.9 Polearms
 + Level 3.2 Armour
 + Level 4.8 Dodging
 + Level 4.3 Stealth
 + Level 1.7 Shields
 + Level 0.4 Unarmed Combat
 + Level 11.6 Spellcasting
 + Level 6.8 Conjurations
 + Level 11.7 Fire Magic
 + Level 1.6 Evocations


You had 23 spell levels left.
You knew the following spells:

 Your Spells              Type           Power      Damage    Failure   Level
a - Scorch                Fire           100%       2d9       1%          2
b - Foxfire               Conj/Fire      100%       2x1d9     1%          1
c - Flame Wave            Conj/Fire      46%        2d12      1%          4
d - Airstrike             Air            5%         2d(1-17)  24%         4

Your spell library contained the following spells:

 Spells                   Type           Power      Damage    Failure   Level
 Spellforged Servitor     Conj/Summ      11%        N/A       98%         7
 Static Discharge         Conj/Air       46%        3-5/arc   1%          2
 Hailstorm                Conj/Ice       23%        3d7       1%          3
 Inner Flame              Hex/Fire       33%        N/A       1%          3
 Volatile Blastmotes      Fire/Tloc      66%        2d15      1%          3
 Freeze                   Ice            44%        1d6       2%          1
 Frozen Ramparts          Ice            22%        1d4       8%          3
 Starburst                Conj/Fire      23%        6d8       9%          6
 Ensorcelled Hibernation  Hex/Ice        22%        N/A       14%         2
 Passwall                 Erth           11%        N/A       28%         3
 Swiftness                Air            11%        N/A       28%         3
 Plasma Beam              Fire/Air       16%        2x1d28    30%         6
 Summon Lightning Spire   Summ/Air       11%        N/A       67%         4
 Summon Forest            Summ/Tloc      5%         N/A       95%         5
 Eringya's Noxious Bog    Alch           5%         4d6       96%         6
 Summon Hydra             Summ           5%         N/A       100%        7


Dungeon Overview and Level Annotations

Branches:
Dungeon (12/15)            Temple (1/1) D:6            Lair (0/5) D:8
    Orc (0/2) D:9

Altars:
Ashenzari
Cheibriados
Dithmenos
Fedhas
Gozag
Hepliaklqana
Kikubaaqudgha
Makhleb
Nemelex Xobeh
Okawaru
Qazlal
Ru
Sif Muna
Trog
Uskayaw
Vehumet
Wu Jian
Xom
Yredelemnul

Shops:
D:7 [   D:11 [(!:=

Annotations:
D:12 4 runed translucent doors


Innate Abilities, Weirdness & Mutations

You have a pair of large antennae on your head. (SInv)
You are partially covered in icy blue scales. (AC +2)
Your demonic aura often causes spilled blood to erupt in flames.


Message History

Flames lash the slime creature.
The slime creature is burned terribly!
You kill the slime creature!
Vehumet accepts your kill.
You feel your power returning.
Your lightning rod (4/4) has regained one charge.
Magic restored.
HP restored.
Y - a ring of positive energy
Z - 2 scrolls of identify You open the door.
There is an open door here.
There is an open door here.
There is an open door here.
There is an open door here.
The cyclops shouts!
You drop a +0 pair of boots.
You drop a ring of positive energy.
The cyclops throws a large rock.
The large rock hits you!!!
A cyclops is nearby!
You start resting.
A cyclops is nearby!
The cyclops misses you.
Casting: Scorch (safe; 1% risk of failure)
Confirm with . or Enter, or press ? or * to list all spells.
Flames lash the cyclops.
The cyclops is moderately wounded.
The cyclops's fire resistance burns away.
Unknown command.
Casting: Scorch (safe; 1% risk of failure)
Confirm with . or Enter, or press ? or * to list all spells.
Flames lash the cyclops.
The cyclops is burned terribly!
The cyclops is heavily wounded.
The cyclops hits you!!
* * * LOW HITPOINT WARNING * * *
Casting: Scorch (safe; 1% risk of failure)
Confirm with . or Enter, or press ? or * to list all spells.
Flames lash the cyclops.
The cyclops is burned terribly!
The cyclops is almost dead.
The cyclops hits you!!
You die...

#....##.##....##..## #.......{{..
..#.##...##.#..##..###.########..
.##.........##......#..# #..
##..#.....#..##.#...#.## ###
...##.....##....##....# #
#.##..#.#..##.#..##.### #
#....##.##....##....#
....##...##....##☼..#
................@...#
....##...##.[..##C..#
#....##.##....##....##
#.##..#.#..##.#..##..#
...##.....##....##...#####
##..#.....#..##C#.....##.## #
.##..[......##......#.....#######
..#.##...##.#..##..##............
#....##.##....##...##.#...##.####


You could see a cyclops (combustible).

Vanquished Creatures
  2 centaur warriors (D:10)
  2 boulder beetles (D:12)
  4 two-headed ogres
  Pikel (D:7)
  A cyclops (D:11)
  A manticore (D:10)
  A guardian serpent (shapeshifter) (D:12)
  3 unseen horrors
  A tengu conjurer (D:10)
  5 trolls
  A vampire (D:9)
  A shadow (D:10)
  2 wraiths
  2 wyverns
  7 slime creatures
  14 yaks
  3 steam dragons (D:7)
  4 vampire mosquitoes
  Edmund (D:4)
  2 acid dragons
  4 black bears
  A sky beast (D:8)
  2 water moccasins (D:8)
  3 orc warriors
  An ogre (D:5)
  2 centaurs
  8 phantoms
  Blork the orc (D:6)
  6 bullfrogs
  3 kobold brigands
  4 gnoll sergeants
  6 scorpions
  11 wights
  10 killer bees
  2 howler monkeys
  2 bombardier beetles
  2 centaur zombies (D:8)
  3 gnoll boudas
  6 hounds
  4 jellies
  3 orc priests
  Crazy Yiuf (D:4)
  4 iguanas
  9 orc wizards
  9 sleepcaps
  3 scorpion zombies (D:8)
  4 mutant beasts (D:7)
  6 killer bee zombies (D:8)
  36 gnolls
  9 adders
  11 shadow imps
  2 white imps
  6 ribbon worms
  A dart slug (D:1)
  24 orcs
  15 endoplasms
  5 giant cockroaches
  10 goblins
  9 hobgoblins
  8 jackals
  4 quokkas
  13 ball pythons
  12 bats
  3 frilled lizards
  23 kobolds
  6 rats
375 creatures vanquished.

Vanquished Creatures (collateral kills)
  An ugly thing (D:8)
  A mutant beast (D:7)
  14 foxfires
16 creatures vanquished.

Vanquished Creatures (others)
  1048 foxfires
1048 creatures vanquished.

Grand Total: 1439 creatures vanquished

Notes
Turn   | Place    | Note
-------+----------+-------------------------------------------
     0 | D:1      | Atlas the Demonspawn Fire Elementalist began the quest for
                  | the Orb.
     0 | D:1      | Reached XP level 1. HP: 13/13 MP: 3/3
   384 | D:1      | Gained mutation: You have a pair of small antennae on your
                  | head. [demonic ancestry]
   384 | D:1      | Reached XP level 2. HP: 19/19 MP: 0/5
   559 | D:1      | Learned a level 2 spell: Scorch
   980 | D:1      | Gained mutation: Your demonic aura sometimes causes spilled
                  | blood to erupt in flames. [demonic ancestry]
   980 | D:1      | Reached XP level 3. HP: 24/24 MP: 0/6
  1961 | D:2      | Reached XP level 4. HP: 30/30 MP: 2/7
  2706 | D:3      | Noticed a gnoll sergeant
  2798 | D:2      | Killed a gnoll sergeant
  2799 | D:2      | Reached skill level 1 in Armour
  2799 | D:2      | Gained mutation: Your demonic aura often causes spilled
                  | blood to erupt in flames. [demonic ancestry]
  2799 | D:2      | Reached XP level 5. HP: 35/35 MP: 4/9
  3863 | D:4      | Gained mutation: You are partially covered in icy blue
                  | scales. (AC +2) [demonic ancestry]
  3863 | D:4      | Reached XP level 6. HP: 36/41 MP: 2/11
  3870 | D:3      | Learned a level 4 spell: Flame Wave
  4439 | D:4      | Noticed Edmund
  4476 | D:4      | Killed Edmund
  4853 | D:4      | Identified the +0 chain mail "Giagi" {Harm rC+ Int+3}
  4889 | D:4      | Reached XP level 7. HP: 47/47 MP: 7/13
  5191 | D:4      | Reached skill level 1 in Maces & Flails
  5656 | D:4      | Found a runed translucent door.
  5657 | D:4      | Noticed Crazy Yiuf
  5693 | D:4      | Reached skill level 1 in Fighting
  5693 | D:4      | Reached skill level 5 in Fire Magic
  6169 | D:4      | Killed Crazy Yiuf
  6332 | D:5      | Entered Level 5 of the Dungeon
  6591 | D:5      | Reached XP level 8. HP: 54/54 MP: 9/15
  6716 | D:5      | Reached skill level 5 in Spellcasting
  7262 | D:6      | Learned a level 4 spell: Airstrike
  7662 | D:6      | Found a staircase to the Ecumenical Temple.
  7683 | Temple   | Entered the Ecumenical Temple
  7719 | Temple   | Became a worshipper of Vehumet
  7748 | D:6      | Noticed Blork the orc
  7755 | D:6      | Killed Blork the orc
  8111 | D:6      | Reached XP level 9. HP: 59/59 MP: 9/18
  8934 | D:7      | Reached * piety under Vehumet
  8934 | D:7      | Offered knowledge of Sandblast by Vehumet.
  9156 | D:7      | Noticed a juvenile fireweird beast
  9169 | D:7      | Killed a juvenile fireweird beast
  9741 | D:7      | Reached skill level 1 in Evocations
  9901 | D:7      | Found Voluz's Armour Boutique.
  9905 | D:7      | Bought a +0 pair of boots for 49 gold pieces
  9953 | D:8      | Found a staircase to the Lair.
  9963 | D:8      | Reached XP level 10. HP: 60/66 MP: 5/22
 10139 | D:8      | Reached ** piety under Vehumet
 10139 | D:8      | Offered knowledge of Momentum Strike by Vehumet.
 10141 | D:8      | Reached skill level 1 in Polearms
 10144 | D:8      | Noticed Pikel
 10156 | D:7      | Killed Pikel
 10157 | D:7      | Reached skill level 1 in Shields
 10993 | D:8      | Offered knowledge of Mephitic Cloud by Vehumet.
 11436 | D:8      | Reached *** piety under Vehumet
 11601 | D:8      | Reached skill level 5 in Conjurations
 11848 | D:8      | Found an opulent altar of Gozag.
 11878 | D:8      | Found a broken altar of Ashenzari.
 12035 | D:8      | Offered knowledge of Brom's Barrelling Boulder by Vehumet.
 12073 | D:8      | Noticed a red ugly thing
 12100 | D:8      | Killed a red ugly thing
 12101 | D:8      | Gained mutation: You have a pair of antennae on your head.
                  | [demonic ancestry]
 12101 | D:8      | Reached XP level 11. HP: 53/72 MP: 16/24
 12739 | D:9      | Reached **** piety under Vehumet
 12841 | D:9      | Offered knowledge of Frozen Ramparts by Vehumet.
 12912 | D:9      | Found a staircase to the Orcish Mines.
 12977 | D:9      | Reached skill level 10 in Fire Magic
 13306 | D:10     | Entered Level 10 of the Dungeon
 13483 | D:10     | Reached skill level 10 in Spellcasting
 13610 | D:10     | Noticed a two-headed ogre
 13617 | D:10     | Killed a two-headed ogre
 13655 | D:10     | Noticed a two-headed ogre
 13663 | D:10     | Killed a two-headed ogre
 14124 | D:10     | Noticed a two-headed ogre
 14129 | D:10     | Killed a two-headed ogre
 14277 | D:10     | Noticed a centaur warrior
 14280 | D:10     | Killed a centaur warrior
 14375 | D:10     | Noticed a centaur warrior
 14385 | D:10     | Killed a centaur warrior
 14988 | D:11     | Gained mutation: You have a pair of large antennae on your
                  | head. (SInv) [demonic ancestry]
 14988 | D:11     | Reached XP level 12. HP: 74/78 MP: 16/27
 15040 | D:11     | Reached ***** piety under Vehumet
 15138 | D:11     | Offered knowledge of Spellforged Servitor by Vehumet.
 15196 | D:11     | Found Rupaf's Armour Shoppe.
 15202 | D:11     | Bought the +2 pair of slick slippers {slick, slippery,
                  | EV+4} for 270 gold pieces
 15202 | D:11     | Found the +2 pair of slick slippers {slick, slippery, EV+4}
 15322 | D:11     | Found Nivesua's Antique Weapon Emporium.
 15507 | D:11     | Found Fadiduts's Jewellery Shoppe.
 15527 | D:11     | Found Jedoxof's Distillery.
 15530 | D:11     | Bought a potion of curing for 39 gold pieces
 15570 | D:11     | Found Veblofoi's Book Emporium.
 16081 | D:12     | Noticed a boulder beetle
 16105 | D:12     | Killed a boulder beetle
 16107 | D:12     | Noticed a boulder beetle
 16155 | D:12     | Killed a boulder beetle
 16387 | D:12     | Noticed a two-headed ogre
 16394 | D:12     | Killed a two-headed ogre
 16481 | D:12     | Found a runed translucent door.
 16488 | D:12     | Found a runed translucent door.
 16488 | D:12     | Found the +5 Storm Queen's Shield {shock, Fly rElec}
 16490 | D:12     | Found a runed translucent door.
 16560 | D:12     | Found a runed translucent door.
 16566 | D:12     | Noticed a storm dragon
 17426 | D:12     | Mangled by a cyclops

Illustrated notes

Levels and vault maps discovered:
D:1:      mrwooster_arrival_statue, layout_basic
D:2:      layout_basic, serial_bayou, serial_bayou_pond_b, serial_bayou_shore_b,
          serial_bayou_pond_b, serial_bayou_lagoon_a, serial_bayou_pond_b,
          serial_bayou_shore_b, minmay_tall_x
D:3:      layout_loops_cross
D:4:      minmay_opposing_rooms, layout_loops_corners, grunt_ministairs_10,
          corner_web_ring, pf_guarded_unrand_woodcutter,
          uniq_crazy_yiuf_cottage, uniq_edmund
D:5:      layout_rooms
D:6:      layout_cave_pools, minmay_temple_entry_glass, uniq_blork_the_orc
D:7:      layout_basic, serial_shops, shop, nicolae_beast_mode
D:8:      bobbens_index_wilting_gardens, layout_rooms, jmf_multi_god_temple2,
          hangedman_minor_gate_pass, uniq_pikel
D:9:      layout_stronghold, orc_0_dummy, grunt_decor_cap
D:10:     layout_long_grid, minmay_fractal_squares_gapless_7
D:11:     layout_basic, serial_shops, shop, kennysheep_mini,
          nicolae_shop_gaudy_bauble, nicolae_shop_waterfront,
          nicolae_take_the_stairs
D:12:     layout_loops_corners, grunt_ministairs_6, nicolae_wwwww,
          nicolae_guarded_unrand_storm_shield
Temple:   mainiacjoe_temple_cubbyholes

Skill      XL: |  1  2  3  4  5  6  7  8  9 10 11 |
---------------+----------------------------------+-----
Stealth        | 2 3 4 |  4.3
Fire Magic     | 3 4 5 7 8 9 11 | 11.7
Dodging        | 2 3 4 |  4.8
Armour         | 1 2 3 |  3.2
Spellcasting   | 3 4 6 8 9 11 | 11.6
Conjurations   | 2 3 4 5 6 |  6.8
Maces & Flails | 1 |  1.5
Fighting       | 1 2 |  2.1
Evocations     | 1 |  1.6
Polearms       | 2 |  2.9
Shields        | 1 |  1.7
Unarmed Combat | |  0.4

Action                     |  1- 3 |  4- 6 |  7- 9 | 10-12 || total
---------------------------+-------+-------+-------+-------++-------
  Melee: Unarmed           |    73 |    12 |       |       ||    85
         Punch             |     1 |       |       |       ||     1
         Flail             |       |    27 |    27 |       ||    54
         Spear             |       |       |     5 |   111 ||   116
   Cast: Foxfire           |    60 |    48 |   177 |   306 ||   591
         Scorch            |    21 |    68 |    91 |   156 ||   336
         Flame Wave        |       |       |     3 |    25 ||    28
  Evoke: Wand              |       |     2 |     8 |     2 ||    12
         Box of beasts     |       |       |     1 |     1 ||     2
         Lightning rod     |       |       |       |     2 ||     2
    Use: Potion            |       |     1 |       |       ||     1
         Scroll            |       |       |       |    10 ||    10
   Stab: Sleeping          |       |       |       |     2 ||     2
 Armour: Robe              |    10 |       |       |       ||    10
         Leather armour    |    56 |    82 |    63 |       ||   201
         Steam dragon scal |       |       |    34 |   176 ||   210
  Dodge: Dodged            |    58 |    57 |   111 |   212 ||   438
  Block: Buckler           |       |    17 |    25 |    37 ||    79

Table legend: (Time is in decaauts)
 A = Elapsed time spent in this place.
 B = Non-inter-level travel time spent in this place.
 C = Inter-level travel time spent in this place.
 D = Time resting spent in this place.
 E = Time spent auto-exploring this place.
 F = Levels seen in this place.
 G = Mean time per level.
                   A        B        C        D        E       F      G
               +--------+--------+--------+--------+--------+-----+--------+
         Total |  17483 |  17109 |    374 |   1058 |  13304 |  13 | 1344.8 |
       Dungeon |  17422 |  17108 |    314 |   1058 |  13304 |  12 | 1451.8 |
        Temple |     60 |      1 |     59 |      0 |      0 |   1 |   60.0 |
               +--------+--------+--------+--------+--------+-----+--------+

Top non-repeatable levels by time:
     D:4: 2328 daAuts
     D:8: 2072 daAuts
     D:7: 1790 daAuts
    D:12: 1621 daAuts
    D:10: 1578 daAuts
     D:2: 1525 daAuts
     D:1: 1373 daAuts
     D:6: 1207 daAuts
     D:3: 1139 daAuts
     D:9: 1018 daAuts
    D:11: 923 daAuts
     D:5: 843 daAuts
  Temple: 60 daAuts
